 Dungeon Crawl Stone Soup version 0.23.0 (webtiles) character file.

Game seed: 12657159485700930625

261 Faca the Cutter (level 6, -1/44 HPs)
             Began as a Halfling Abyssal Knight on Feb 15, 2019.
             Was a Believer of Lugonu.
             Killed by divine providence
             ... invoked by an orc priest
              (11 damage)
             ... on level 4 of the Dungeon.
             The game lasted 00:06:28 (2936 turns).

Faca the Cutter (Halfling Abyssal Knight)           Turns: 2936, Time: 00:06:29

Health: -1/44      AC:  8    Str: 13    XL:     6   Next: 42%
Magic:  7/7        EV: 13    Int: 10    God:    Lugonu [**....]
Gold:   170        SH:  0    Dex: 16    Spells: 2/5 levels left

rFire    . . .     SeeInvis .   a - +1 short sword
rCold    . . .     Gourm    .   (shield restricted)
rNeg     . . .     Faith    .   i - +0 ring mail
rPois    .         Spirit   .   (no helmet)
rElec    .         Reflect  .   b - +2 cloak
rCorr    .         Harm     .   (no gloves)
MR       .....                  (no boots)
Stlth    +.........             (no amulet)
HPRegen  0.14/turn              (no ring)
MPRegen  0.10/turn              (no ring)

@: no status effects
A: small, mutation resistance 1
a: Depart the Abyss, Bend Space, Renounce Religion


You were on level 4 of the Dungeon.
You worshipped Lugonu.
Lugonu was pleased with you.
You were hungry.

You visited 1 branch of the dungeon, and saw 4 of its levels.
You visited the Abyss 1 time.

You collected 170 gold pieces.

Inventory:

Hand Weapons
 a - a +1 short sword (weapon)
Armour
 b - a +2 cloak (worn)
 i - a +0 ring mail (worn)
Wands
 k - a wand of random effects (13)
 s - a wand of digging (2)
Scrolls
 d - 2 scrolls of immolation {unknown}
 f - 2 scrolls of enchant weapon {unknown}
 g - 5 scrolls of remove curse {unknown}
 l - a scroll of fear {unknown}
 n - a scroll of noise {unknown}
 o - 5 scrolls of identify {unknown}
 p - 2 scrolls of teleportation {unknown}
 r - a scroll of amnesia {unknown}
Potions
 e - 3 potions of curing {unknown}
 h - 2 potions of cancellation {unknown}
 j - a potion of magic {unknown}
 m - 3 potions of heal wounds {unknown}
 q - a potion of invisibility {unknown}
 t - a potion of agility {unknown}
Comestibles
 c - 8 rations


   Skills:
 + Level 4.7 Fighting
 + Level 5.6 Short Blades
 - Level 2.1 Armour
 - Level 1.1 Dodging
 - Level 2.0 Invocations


You had 2 spell levels left.
You knew the following spells:

 Your Spells              Type           Power        Failure   Level  Hunger
a - Confuse               Hex            #.......     94%         3    ####...

Your spell library contained the following spells:

 Spells                   Type           Power        Failure   Level  Hunger
 Corona                   Hex            #......      63%         1    ##.....
 Ensorcelled Hibernation  Hex/Ice        #.....       77%         2    ###....
 Dazzling Spray           Conj/Hex       #.....       94%         3    ####...
 Tukima's Dance           Hex            #.......     94%         3    ####...


Dungeon Overview and Level Annotations

Branches:
Dungeon (4/15)
 Temple: D:4-7

Altars:
Fedhas
Hepliaklqana
Okawaru


Innate Abilities, Weirdness & Mutations

You are small and have problems with some larger weapons.
You are somewhat resistant to further mutation.


Message History

The puff of flame hits you!
The orc wizard hits you with a +0 dagger.
You hit the orc wizard.
The orc wizard is moderately wounded.
The orc wizard hits you but does no damage.
You hit the orc wizard.
The orc wizard is severely wounded.
The orc wizard hits you with a +0 dagger.
You hit the orc wizard.
You kill the orc wizard!
Lugonu accepts your kill.
You hit the orc.
The orc is heavily wounded.
The orc misses you.
The orc priest invokes the aid of Beogh against you.
Beogh smites you!
* * * LOW HITPOINT WARNING * * *
The orc priest mumbles some strange prayers to Beogh against you.
Beogh smites you!
You die...

.≈≈ .≈≈..... . .≈
.......# ..
..#......# . ....
.#......#.. #.#o.
........$.
#o....#......###
.............#@#
##...>##.#####.#
..........oo...####
#.....##.###oo....#
#.... #...÷......#
....
#####.......$.. #..
#.........$ #.
######..... # .....


You could see an orc priest and an orc.

Vanquished Creatures
  A howler monkey (D:4)
  An orc wizard (D:4)
  A hound (D:4)
  Ijyb (D:3)
  Terence (D:3)
  5 adders
  2 adder skeletons (D:4)
  2 worms
  A dart slug (D:3)
  A leopard gecko (D:2)
  3 bats
  3 giant cockroaches
  3 hobgoblins (D:1)
  13 jackals
  6 kobolds
  2 quokkas
  A ball python (D:4)
  5 frilled lizards
  5 goblins
  7 rats
64 creatures vanquished.

Notes
Turn   | Place    | Note
-------+----------+-------------------------------------------
     0 | Abyss:1  | Faca the Halfling Abyssal Knight began the quest for the
                  | Orb.
     0 | Abyss:1  | Reached XP level 1. HP: 15/15 MP: 2/2
    29 | Abyss:1  | Noticed a wretched star
    30 | D:1      | Escaped the Abyss
   115 | D:1      | Reached * piety under Lugonu
   115 | D:1      | Reached XP level 2. HP: 13/20 MP: 3/3
   417 | D:1      | Reached skill level 3 in Short Blades
   906 | D:2      | Found an iron altar of Okawaru.
  1004 | D:1      | Reached XP level 3. HP: 18/26 MP: 4/4
  1572 | D:2      | Found a hazy altar of Hepliaklqana.
  1596 | D:2      | Reached XP level 4. HP: 27/31 MP: 5/5
  1752 | D:2      | Reached skill level 4 in Short Blades
  1990 | D:3      | Noticed Ijyb
  2008 | D:3      | Killed Ijyb
  2008 | D:3      | Reached XP level 5. HP: 32/37 MP: 6/6
  2009 | D:3      | Reached ** piety under Lugonu
  2395 | D:3      | Noticed Terence
  2423 | D:3      | Killed Terence
  2501 | D:3      | Found a blossoming altar of Fedhas.
  2552 | D:3      | Learned a level 3 spell: Confuse
  2758 | D:4      | Reached skill level 5 in Short Blades
  2758 | D:4      | Reached XP level 6. HP: 44/44 MP: 7/7
  2936 | D:4      | Killed from afar by an orc priest

Skill      XL: |  1  2  3  4  5 |
---------------+----------------+-----
Fighting       | 3 4 |  4.7
Short Blades   | 3 4 5 |  5.6
Armour         | |  2.1
Dodging        | |  1.1
Invocations    | |  2.0

Action                   |  1- 3 |  4- 6 || total
-------------------------+-------+-------++-------
Melee: Short sword       |   133 |   192 ||   325
Invok: Depart the Abyss  |     1 |       ||     1
  Eat: Chunk             |     2 |     4 ||     6
Armor: Leather armour    |     8 |       ||     8
       Ring mail         |    51 |    76 ||   127
Dodge: Dodged            |   139 |   108 ||   247
